 Dungeon Crawl Stone Soup version 0.31-a0-1620-gcbf77bbcfc (webtiles) character file.

Game seed: 8210536202739092079

2089523 totrandom the Impregnable (level 25, 224/224 HPs)
             Began as a Demonspawn Shapeshifter on Jan 10, 2024.
             Was a High Priest of Ashenzari.
             Escaped with the Orb
             ... and 3 runes
             ... and 1 gem on Jan 11, 2024!
             The game lasted 03:08:46 (48731 turns).

totrandom the Impregnable (DsSh)                   Turns: 48731, Time: 03:08:47

Health: 224/224    AC: 29    Str: 24    XL:     25   Next: 76%
Magic:  34/34      EV: 35    Int:  8    God:    Ashenzari [*****.]
Gold:   8453       SH:  0    Dex: 29    Spells: 13/45 levels left

rFire   + + .        s - +8 longbow "Zephyr" {speed, Dex+3 SInv, Bglg, Range} (curse)
rCold   + + .        (shield currently unavailable)
rNeg    . . .        V - quicksilver dragon scales of the Ruined Moon {Will+, Fort, Range} (curse)
rPois   +            (helmet unavailable)
rElec   +            p - +2 cloak of Supernal Understanding {Rampage rPois rF+, Cun, Self} (curse)
rCorr   .            U - +1 pair of gloves of the Ensconced Shame {Cun, Fort} (curse)
SInv    +            E - +1 pair of boots of the Celestial Sage {Dex+3 SInv, Dev, Range} (curse)
Will    ++++.        I - necklace of Bloodlust {Fury *Rage Will++ Int-3 Slay+6, Fort, Range} (curse)
Stlth   +            f - ring "Orilotz" {Wiz +Blink rElec rF+ rC+}
HPRegen 0.57/turn    g - ring of the Stellar Ordeal {rPois rC+ Str+5 Dex+3 Slay+3, Range, Self} (curse)
MPRegen 0.24/turn

%: clarity, rampage, wizardry (x1)
@: studying 3 skills
A: horns 3, ignite blood 3, powered by death 2, augmentation 3, sanguine armour
3, low MP 1
0: Orb of Zot
}: 3/15 runes: barnacled, silver, gossamer
a: Renounce Religion, Evoke Blink, Curse Item, Shatter the Chains


You escaped.
You worshipped Ashenzari.
Ashenzari was extremely pleased with you.
You visited 10 branches of the dungeon, and saw 48 of its levels.
You visited 1 bazaar.
You also visited: Bailey, Gauntlet, Volcano, Wizlab and Desolation.

You collected 13296 gold pieces.
You spent 4843 gold pieces at shops.

Inventory:

Hand Weapons
 s - the cursed +8 longbow "Zephyr" (weapon) {speed, Dex+3 SInv, Bglg, Range}
   (You found it on level 2 of the Dungeon)

   Dex+3:     It affects your dexterity (+3).
   SInv:      It lets you see invisible.
   It has a curse which improves the following skills: Beguiling: Hexes and
   Translocations.
   Ranged Combat: Ranged Weapons and Throwing.
Armour
 p - the cursed +2 cloak of Supernal Understanding (worn) {Rampage rPois rF+, Cun, Self}
   (You found it in a Gauntlet)

   rF+:       It protects you from fire.
   rPois:     It protects you from poison Rampage: It bestows one free step when
   moving towards enemies.
   It has a curse which improves the following skills: Cunning: Dodging and
   Stealth.
   Introspection: Fighting and Spellcasting.
 E - the cursed +1 pair of boots of the Celestial Sage (worn) {Dex+3 SInv, Dev, Range}
   (You found it in the Desolation of Salt)

   Dex+3:     It affects your dexterity (+3).
   SInv:      It lets you see invisible.
   It has a curse which improves the following skills: Devices: Evocations and
   Shapeshifting.
   Ranged Combat: Ranged Weapons and Throwing.
 U - the cursed +1 pair of gloves of the Ensconced Shame (worn) {Cun, Fort}
   (You found it on level 4 of the Lair of Beasts)

   It has a curse which improves the following skills: Cunning: Dodging and
   Stealth.
   Fortitude: Armour and Shields.
 V - the cursed quicksilver dragon scales of the Ruined Moon (worn) {Will+, Fort, Range}
   (You took it off a minotaur in a Gauntlet)

   Will+:     It increases your willpower.
   It has a curse which improves the following skills: Fortitude: Armour and
   Shields.
   Ranged Combat: Ranged Weapons and Throwing.
Jewellery
 f - the ring "Orilotz" (left hand) {Wiz +Blink rElec rF+ rC+}
   (You took it off a yaktaur captain on level 5 of the Vaults)

   [ring of wizardry]

   Wiz:       It improves your spell success rate.
   rF+:       It protects you from fire.
   rC+:       It protects you from cold.
   rElec:     It insulates you from electricity.
   +Blink:    It lets you blink.
 g - the cursed ring of the Stellar Ordeal (right hand) {rPois rC+ Str+5 Dex+3 Slay+3, Range, Self}
   (You bought it in a shop in a bazaar)

   [ring of poison resistance]

   Str+5:     It affects your strength (+5).
   Dex+3:     It affects your dexterity (+3).
   Slay+3:    It affects your accuracy & damage with ranged weapons and melee
   (+3).
   rC+:       It protects you from cold.
   rPois:     It protects you from poison It has a curse which improves the
   following skills: Ranged Combat: Ranged Weapons and Throwing.
   Introspection: Fighting and Spellcasting.
 k - a ring of resist corrosion
   (You found it on level 5 of the Vaults)
 l - a ring of willpower
   (You took it off a vault guard on level 5 of the Vaults)
 o - the ring of the Hare {EV+10}
   (You took it off an ogre mage on level 5 of the Vaults)

   [ring of evasion]

   EV+10:     It affects your evasion (+10).
 u - a +6 ring of dexterity
   (You bought it in a shop on level 11 of the Dungeon)
 I - the cursed necklace of Bloodlust (around neck) {Fury *Rage Will++ Int-3 Slay+6, Fort, Range}
   (You found it on level 1 of the Spider Nest)

   [amulet of nothing]

   Fury:      It extends the wearer's berserk rage when killing foes.
   Int-3:     It affects your intelligence (-3).
   Slay+6:    It affects your accuracy & damage with ranged weapons and melee
   (+6).
   Will++:    It greatly increases your willpower.
   *Rage:     It berserks you when you make melee attacks (+50% chance).
   It has a curse which improves the following skills: Fortitude: Armour and
   Shields.
   Ranged Combat: Ranged Weapons and Throwing.
 N - the ring of the Merwolf {rF+ rC++ Will- Dex+2}
   (You bought it in a shop on level 11 of the Dungeon)

   [ring of protection from fire]

   Dex+2:     It affects your dexterity (+2).
   rF+:       It protects you from fire.
   rC++:      It greatly protects you from cold.
   Will-:     It decreases your willpower.
Wands
 b - a wand of roots (97)
   (You took it off Ijyb on level 4 of the Dungeon)
 r - a wand of mindburst (3)
   (You found it on level 5 of the Vaults)
 v - a wand of digging (15)
   (You found it on level 1 of the Elven Halls)
 B - a wand of charming (94)
   (You found it on level 2 of the Dungeon)
 M - a wand of quicksilver (37)
   (You took it off Joseph on level 7 of the Dungeon)
Scrolls
 i - 3 scrolls of enchant armour
 j - 4 scrolls of fog
 t - 21 scrolls of teleportation
 y - 8 scrolls of vulnerability
 z - 4 scrolls of blinking
 G - 13 scrolls of immolation
 H - 10 scrolls of fear
 J - 4 scrolls of revelation
 Q - 10 scrolls of poison
 R - 3 scrolls of silence
 S - 2 scrolls of summoning
Potions
 d - 5 potions of might
 e - 2 potions of cancellation
 h - 11 potions of haste
 m - 7 potions of mutation
 n - 4 potions of resistance
 q - 28 potions of curing
 w - 8 potions of heal wounds
 x - 10 potions of ambrosia
 D - 10 potions of brilliance
 F - 9 potions of lignification
 K - 14 potions of enlightenment
 L - 8 potions of invisibility
 O - 8 potions of magic
Miscellaneous
 a - a lightning rod (4/4)
   (You found it on level 4 of the Lair of Beasts)
 c - a phantom mirror
   (You found it on level 9 of the Dungeon)
 X - a phial of floods
   (You found it in a Gauntlet)
 Z - a box of beasts
   (You found it on level 15 of the Dungeon)


   Skills:
 + Level 21.4(24.2) Fighting
 - Level 17.0(22.6) Ranged Weapons
 + Level 21.7(25.4) Armour
 + Level 19.7(22.6) Dodging
 - Level 4.0 Unarmed Combat
 + Level 7.7(10.9) Spellcasting
 - Level 7.8(10.0) Hexes
 + Level 8.3 Summonings
 + Level 14.9(17.0) Translocations
 - Level 11.8(13.9) Evocations
 - Level 3.2(5.1) Shapeshifting


You had 13 spell levels left.
You knew the following spells:

 Your Spells              Type           Power      Damage    Failure   Level
a - Dimensional Bullseye  Hex/Tloc       27%        N/A       1%          4
b - Blink                 Tloc           100%       N/A       0%          2
g - Apportation           Tloc           100%       N/A       0%          1
q - Passage of Golubria   Tloc           62%        N/A       1%          4
C - Disjunction           Tloc           31%        N/A       38%         8
D - Dispersal             Tloc           31%        N/A       1%          6
M - Malign Gateway        Summ/Tloc      26%        N/A       32%         7

Your spell library contained the following spells:

 Spells                   Type           Power      Damage    Failure   Level
 Lesser Beckoning         Tloc           100%       N/A       0%          2
 Slow                     Hex            100%       N/A       1%          1
 Call Imp                 Summ           76%        N/A       1%          2
 Ensorcelled Hibernation  Hex/Ice        54%        N/A       1%          2
 Jinxbite                 Hex            90%        N/A       1%          2
 Momentum Strike          Conj/Tloc      78%        3d10      1%          2
 Confusing Touch          Hex            45%        N/A       1%          3
 Gell's Gravitas          Tloc           62%        N/A       1%          3
 Sigil of Binding         Hex            45%        N/A       1%          3
 Teleport Other           Tloc           62%        N/A       1%          3
 Tukima's Dance           Hex            45%        N/A       1%          3
 Volatile Blastmotes      Fire/Tloc      78%        2d16      1%          3
 Cause Fear               Hex            22%        N/A       1%          4
 Manifold Assault         Tloc           62%        N/A       1%          4
 Dazzling Flash           Conj/Hex       54%        N/A       2%          3
 Inner Flame              Hex/Fire       27%        N/A       2%          3
 Iskenderun's Mystic Bla  Conj/Tloc      39%        2d9       2%          4
 Summon Ice Beast         Ice/Summ       24%        N/A       4%          3
 Summon Mana Viper        Hex/Summ       41%        N/A       4%          5
 Foxfire                  Conj/Fire      36%        2x1d5     7%          1
 Freeze                   Ice            36%        1d5       7%          1
 Magic Dart               Conj           36%        1d4       7%          1
 Sandblast                Erth           18%        2d7       7%          1
 Anguish                  Hex/Necr       13%        N/A       9%          4
 Cigotuvi's Dreadful Rot  Necr/Alch/Air  18%        N/A       11%         2
 Mercury Vapours          Alch/Air       18%        N/A       11%         2
 Sublimation of Blood     Necr           9%         N/A       11%         2
 Animate Armour           Summ/Erth      48%        N/A       12%         4
 Martyr's Knell           Necr/Summ      24%        N/A       12%         4
 Frozen Ramparts          Ice            18%        1d3       21%         3
 Fugue of the Fallen      Necr           9%         N/A       21%         3
 Hailstorm                Conj/Ice       9%         3d6       21%         3
 Mephitic Cloud           Conj/Alch/Air  9%         N/A       21%         3
 Ozocubu's Armour         Ice            9%         N/A       21%         3
 Passwall                 Erth           9%         N/A       21%         3
 Stone Arrow              Conj/Erth      18%        3d8       21%         3
 Swiftness                Air            9%         N/A       21%         3
 Vampiric Draining        Necr           9%         2d6       21%         3
 Metabolic Englaciation   Hex/Ice        13%        N/A       24%         5
 Silence                  Hex/Air        13%        N/A       24%         5
 Yara's Violent Unravell  Hex/Alch       13%        3d7       24%         5
 Animate Dead             Necr           9%         N/A       52%         4
 Brom's Barrelling Bould  Conj/Erth      9%         2d3       52%         4
 Dispel Undead            Necr           9%         3d8       52%         4
 Flame Wave               Conj/Fire      9%         2d6       52%         4
 Fulminant Prism          Conj/Alch      4%         3d5       52%         4
 Leda's Liquefaction      Alch/Erth      4%         N/A       52%         4
 Petrify                  Alch/Erth      9%         N/A       52%         4
 Sticky Flame             Fire/Alch      9%         2d5       52%         4
 Alistair's Intoxication  Alch           6%         N/A       86%         5
 Arcjolt                  Conj/Air       4%         1d14      86%         5
 Borgnjor's Vile Clutch   Necr/Erth      4%         N/A       86%         5
 Fireball                 Conj/Fire      4%         3d4       86%         5
 Freezing Cloud           Conj/Ice/Air   4%         6-21      86%         5
 Irradiate                Conj/Alch      4%         3d13      86%         5
 Iskenderun's Battlesphe  Conj           9%         2d6       86%         5
 Monstrous Menagerie      Summ           19%        N/A       86%         7
 Discord                  Hex            22%        N/A       99%         8
 Conjure Ball Lightning   Conj/Air       4%         3x3d6     100%        6
 Death Channel            Necr           4%         N/A       100%        6
 Eringya's Noxious Bog    Alch           4%         4d6       100%        6
 Plasma Beam              Fire/Air       4%         2x1d14    100%        6
 Sculpt Simulacrum        Ice/Alch       4%         N/A       100%        6
 Starburst                Conj/Fire      4%         6d4       100%        6
 Haunt                    Necr/Summ      12%        N/A       100%        7
 Orb of Destruction       Conj           4%         9d5       100%        7
 Ozocubu's Refrigeration  Ice            4%         4d8       100%        7
 Borgnjor's Revivificati  Necr           4%         N/A       100%        8
 Ignition                 Fire           4%         3d4       100%        8
 Infestation              Necr           4%         N/A       100%        8
 Lehudib's Crystal Spear  Conj/Erth      4%         10d3      100%        8
 Maxwell's Capacitive Co  Air            4%         ∞         100%        8
 Summon Horrible Things   Summ           19%        N/A       100%        8
 Death's Door             Necr           4%         N/A       100%        9
 Dragon's Call            Summ           19%        N/A       100%        9
 Polar Vortex             Ice            4%         N/A       100%        9
 Shatter                  Erth           4%         3d8*      100%        9


Dungeon Overview and Level Annotations

Branches:
Dungeon (15/15)            Temple (1/1) D:5            Lair (5/5) D:8
 Shoals (4/4) Lair:2       Spider (4/4) Lair:3        Slime (0/5) Lair:4
    Orc (2/2) D:11            Elf (3/3) Orc:2        Vaults (5/5) D:14
  Crypt (0/3) Vaults:2     Depths (4/4) D:15            Zot (5/5) Depths:4
 Bailey (visited)         Volcano (visited)          WizLab (visited)
Desolation (visited)      Gauntlet (visited)

Altars:
Ashenzari
Cheibriados
Dithmenos
Fedhas
Gozag
Hepliaklqana
Kikubaaqudgha
Makhleb
Nemelex Xobeh
Okawaru
Qazlal
Ru
Sif Muna
Trog
Uskayaw
Vehumet
Wu Jian
Xom
Yredelemnul
Jiyva

Shops:
D:11 (((=*   D:12 *:=?   Orc:1 :(?:   Orc:2 [?(   Elf:1 *   Elf:2 [   Elf:3 (
Depths:4 *

Portals:
Hell: Depths:1 Depths:2 Depths:3 Depths:4
Abyss: Depths:1 Depths:3
Pandemonium: Depths:1 Depths:2 Depths:3
Ziggurat: Depths:2

Annotations:
D:8 3 runed translucent doors, Sapher's ghost, amateur SpDe
Spider:1 2 transporters, Tagocin's ghost, adept DsBe
Elf:2 3 runed translucent doors
Vaults:1 1 runed translucent door, Hociexiyce's ghost, veteran DjFE
Vaults:2 1 runed translucent door


Innate Abilities, Weirdness & Mutations

You have a pair of large horns on your head.
Your demonic aura causes all spilled blood to erupt in flames.
You regenerate health from kills.
Your magical and physical power is greatly enhanced at high health.
When seriously injured, your blood forms very thick armour. (AC +0)
Your magical capacity is low. (-10% MP)


Message History

The hell hound is almost dead.
You shoot an arrow. The arrow barely misses the hell hound.
You shoot an arrow. The arrow hits the hell hound!!!
You kill the hell hound!
The hell hound breathes flames at you.
The blast of flame hits you but does no damage.
You shoot an arrow. The arrow barely misses the hell hound.
You shoot an arrow.
The arrow hits the hell hound but does no damage.
A hell hound comes into view.
You shoot an arrow.
The arrow closely misses the hell hound.
You shoot an arrow. The arrow barely misses the hell hound.
The arrow hits the hell hound!!
The hell hound is severely wounded.
You shoot an arrow. The arrow hits the hell hound!!!
You kill the hell hound!
You shoot an arrow. The arrow hits the hell hound!!!
You kill the hell hound!
You shoot an arrow. The arrow hits the hell hound!!
You kill the hell hound!
No target in view!
No target in view!
There is a stone staircase leading up here.
You climb upwards.
There is a stone staircase leading down here.
There is an open door here.
An Orb Guardian comes into view.
You shoot an arrow. The arrow hits the Orb Guardian!!!
The Orb Guardian is heavily wounded.
You shoot an arrow.
The arrow barely misses the Orb Guardian.
You shoot an arrow. The arrow hits the Orb Guardian!!!
The Orb Guardian is almost dead.
You shoot an arrow. The arrow hits the Orb Guardian!
You kill the Orb Guardian!
No target in view!
There is an open door here.
There is a staircase leading out of the dungeon here.
You have escaped!

.....#.#....#.#..#.##
.......#.>..#.#..#..#
)......###..#.#####.#
#.###.......#.......#
..###....#..#......##
.÷.......#..####'###
..###......## #...#
..# #.....## #...#
..###.##..# #.@.#
....).#..## #...#
......#.## #####
#..)....# #.....###
#.....# #.....#
#.....# #.....#


There were no monsters in sight!

Vanquished Creatures
  A pandemonium lord (D:6)
  A dread lich (Vaults:5)
  3 ancient liches
  A juggernaut (Depths:3)
  Mara (Vaults:3)
  Mennas (Vaults:3)
  An orb of fire (Zot:5)
  Bai Suzhen (Vaults:3)
  The ghost of ZZKoverts the Hoplite, a veteran MiFi of Okawaru (Zot:1)
  Boris (thrice) (Depths:1 Depths:3 Depths:4)
  A curse toe (Zot:3)
  Nikola (Vaults:3)
  12 golden dragons
  A Brimstone Fiend (D:13)
  A profane servitor (D:13)
  4 electric golems
  2 bone dragons
  The ghost of p0werm0de the Executioner, an adept MiFi of Gozag (Zot:1)
  A Tzitzimitl (D:12)
  A walking crystal tome (Depths:2)
  10 tentacled monstrosities
  4 liches
  4 deep elf blademasters
  9 Orb Guardians
  A walking frostbound tome (Depths:2)
  Asterion (Spider:2)
  6 titans
  2 deep elf master archers (Elf:3)
  7 quicksilver dragons
  9 death cobs
  An eldritch tentacle (Zot:2)
  2 ancient champions (Vaults:2)
  7 sphinxes
  Polyphemus (Shoals:4)
  7 tengu reavers
  19 storm dragons
  Kirke (Shoals:1)
  9 shadow dragons
  3 storm dragons (shapeshifter) (Depths:2)
  The ghost of Ucsyphiv the Severer, an adept MiFi of Okawaru (D:15)
  A fenstrider witch (Shoals:2)
  An iron dragon (shapeshifter) (Depths:2)
  11 fire giants
  5 draconian monks
  7 frost giants
  7 deep elf sorcerers
  2 emperor scorpions (Spider:4)
  5 draconian knights
  3 draconian shifters
  4 iron dragons
  16 vault wardens
  2 imperial myrmidons (Desolation)
  2 draconian stormcallers (Zot:2)
  6 spectral caustic shrikes (Depths:1)
  8 draconian scorchers
  4 ghost moths
  7 deep elf elementalists
  2 orc warlords
  6 ironbound thunderhulks
  27 ironbound preservers
  21 very ugly things
  11 stone giants
  3 draconian annihilators
  3 vampire knights
  9 green draconians
  2 broodmothers
  7 deep elf death magi
  6 formless jellyfish
  Nessos (Lair:4)
  2 lorocyprocas
  12 white draconians
  9 black draconians
  10 deep elf demonologists
  13 yellow draconians
  7 dire elephants
  5 deep elf annihilators
  2 halazid warlocks (Desolation)
  3 war gargoyles
  6 red draconians
  A minotaur (Gauntlet)
  18 purple draconians
  5 spark wasps
  7 statues (WizLab)
  A blizzard demon (Depths:4)
  A green death (Depths:3)
  5 crystal guardians
  The ghost of MrCrawl the Fighter, a journeyman DrFE of Vehumet (D:12)
  13 ettins
  5 ragged hierophants (Desolation)
  5 merfolk javelineers
  4 great orbs of eyes
  7 merfolk impalers
  5 fire dragons
  10 ice dragons
  12 yaktaur captains
  7 entropy weavers
  6 servants of whispers (Desolation)
  5 deep elf high priests
  8 peacekeepers
  34 vault guards
  3 rakshasas
  A salamander tyrant (Depths:2)
  A hell beast (Depths:3)
  8 hydras
  7 ogre magi
  3 radroaches
  14 centaur warriors
  A juggernaut simulacrum (Depths:2)
  5 merfolk avatars
  5 spriggan air magi
  2 catoblepae
  9 ironbound frosthearts
  A death knight (D:14)
  21 two-headed ogres
  16 dancing weapons
  7 boulder beetles
  7 merfolk aquamancers
  An anaconda (shapeshifter) (D:14)
  6 deep troll shamans
  A death scarab (Spider:4)
  13 death yaks
  5 tengu warriors
  A hell hog (Gauntlet)
  5 demonic crawlers
  7 deep troll earth magi
  A satyr (Shoals:3)
  2 spriggan berserkers (Depths:3)
  2 sun demons
  A storm dragon zombie (Vaults:5)
  4 occultists
  20 deep elf knights
  4 hell knights
  A soul eater (Depths:1)
  2 skysharks
  4 skeletal warriors (D:15)
  5 iron trolls
  A goliath frog (shapeshifter) (Depths:2)
  4 sixfirhies
  7 pharaoh ants
  53 deep trolls
  3 sun moths (Depths:2)
  6 orb spiders
  9 sea snakes
  16 deep elf archers
  A kraken simulacrum (Shoals:4)
  3 glowing orange brains
  A steelbarb worm (Spider:1)
  11 harpies
  14 lindwurms
  3 phantasmal warriors
  18 ironbound convokers
  9 arcanists
  21 deep elf zephyrmancers
  2 necromancers
  8 orc sorcerers
  26 deep elf pyromancers
  10 orc knights
  20 wolf spiders
  A tengu skeleton (Vaults:3)
  An oklob plant (Lair:2)
  11 manticores
  4 fauns
  A sphinx simulacrum (D:14)
  22 moths of wrath
  9 cyclopes
  4 elephants (Lair:5)
  28 ugly things
  An elephant (shapeshifter) (Vaults:5)
  A kobold blastminer (Orc:1)
  3 meliai (D:14)
  A human skeleton (Vaults:5)
  11 black mambas
  6 merfolk sirens
  Joseph (D:7)
  A rust devil (Gauntlet)
  4 molten gargoyles
  5 toenail golems (Volcano)
  4 water nymphs
  4 guardian serpents (Desolation)
  A water nymph (shapeshifter) (Depths:1)
  23 vault sentinels
  2 gargoyles
  An orange demon (D:8)
  4 cane toads
  2 torpor snails
  An elf zombie (Vaults:3)
  3 freezing wraiths
  An efreet (D:15)
  2 unseen horrors (D:12)
  4 rime drakes
  44 yaktaurs
  5 ice devils
  14 komodo dragons
  A red devil (D:11)
  20 tengu conjurers
  10 trolls
  Grinder (D:3)
  2 hornets (Depths:3)
  5 wind drakes
  4 polar bears
  58 saltlings (Desolation)
  20 tarantellas
  29 merfolk
  17 dream sheep
  A snapping turtle (shapeshifter) (Vaults:5)
  10 snapping turtles
  A glass eye (shapeshifter) (Vaults:5)
  24 blink frogs
  A slime creature (shapeshifter) (Depths:2)
  34 slime creatures
  6 air elementals
  8 centaur simulacra
  12 culicivoras
  3 spriggans
  11 water elementals
  3 shadows
  23 jumping spiders
  9 wyverns
  A ynoxinul (Gauntlet)
  2 wraiths
  2 vampires
  A fire elemental (D:15)
  62 yaks
  Grum (D:8)
  A hog (shapeshifter) (Elf:1)
  2 fire bats (Gauntlet)
  4 wargs
  5 basilisks
  6 humans
  44 redbacks
  4 steam dragons
  A neqoxec (D:2)
  12 vampire mosquitoes
  A glowing shapeshifter zombie (Vaults:5)
  A harpy simulacrum (D:15)
  An ogre zombie (Vaults:3)
  A swamp worm (shapeshifter) (Depths:2)
  Edmund (D:4)
  2 acid dragons
  8 water moccasins
  9 hell hounds
  6 ice beasts
  A sky beast (D:4)
  A swamp drake (D:11)
  30 orc warriors
  41 wolves
  10 centaurs
  2 boggarts (D:9)
  21 ogres
  7 bullfrogs
  2 kobold brigands
  A human zombie (Vaults:3)
  2 gnoll sergeants
  3 scorpions (D:7)
  3 earth elementals
  11 wights
  8 electric eels
  7 howler monkeys
  3 lava snakes (Lair:5)
  2 bombardier beetles
  A jelly (D:6)
  A quasit (D:6)
  A hound (D:6)
  15 orc priests
  4 iron imps (Gauntlet)
  Ijyb (D:4)
  Terence (D:3)
  2 sleepcaps
  Natasha (thrice) (D:4)
  2 iguanas (D:6)
  20 orc wizards
  5 hell rats
  A boggart simulacrum (D:15)
  Robin (D:2)
  15 gnolls
  8 adders
  2 shadow imps
  8 white imps
  2 ufetubi (D:6)
  4 dart slugs
  2 ribbon worms (D:2)
  77 orcs
  8 ball pythons
  8 endoplasms
  4 giant cockroaches
  14 goblins
  9 hobgoblins
  7 jackals
  3 quokkas
  2 bats (D:3)
  6 frilled lizards
  18 kobolds
  5 rats
2139 creatures vanquished.

Vanquished Creatures (collateral kills)
  3 Orb Guardians (Zot:5)
  An ice statue (Lair:4)
  A cane toad (Lair:4)
  An ice devil (Lair:4)
  2 polar bears (Lair:4)
  2 ice beasts (Lair:4)
  A gnoll (D:3)
  2 white imps (Lair:4)
  3 kobolds (D:7)
16 creatures vanquished.

Vanquished Creatures (others)
  A storm dragon (Vaults:5)
  Donald (Vaults:3)
  A draconian monk (Zot:2)
  A draconian shifter (Zot:2)
  A two-headed ogre (D:12)
  A merfolk siren (Shoals:1)
  A tarantella (Spider:4)
  2 humans (Shoals:1)
  3 golden eyes (Depths:1)
  An orc wizard (Orc:2)
  2 tentacles (Shoals:4)
15 creatures vanquished.

Grand Total: 2170 creatures vanquished

Notes
Turn   | Place    | Note
-------+----------+-------------------------------------------
     0 | D:1      | totrandom the Demonspawn Shapeshifter began the quest for
                  | the Orb.
     0 | D:1      | Reached XP level 1. HP: 15/15 MP: 1/1
   156 | D:1      | Gained mutation: You have a pair of small horns on your
                  | head. [demonic ancestry]
   156 | D:1      | Reached XP level 2. HP: 20/21 MP: 2/2
   361 | D:1      | Reached XP level 3. HP: 23/24 MP: 3/3
   753 | D:2      | Noticed Robin
   794 | D:2      | Killed Robin
   842 | D:2      | Reached XP level 4. HP: 32/32 MP: 4/4
   845 | D:2      | Found the +8 longbow "Zephyr" {speed, Dex+3 SInv}
   871 | D:2      | Found a faded altar of an unknown god.
  1023 | D:2      | Reached skill level 1 in Ranged Weapons
  1418 | D:3      | Reached XP level 5. HP: 37/37 MP: 5/5
  1418 | D:3      | Found a burning altar of Makhleb.
  1651 | D:3      | Noticed Terence
  1677 | D:3      | Killed Terence
  1678 | D:3      | Gained mutation: You regenerate a little health from kills.
                  | [demonic ancestry]
  1678 | D:3      | Reached XP level 6. HP: 16/43 MP: 6/6
  2232 | D:4      | Noticed Grinder
  2249 | D:3      | Paralysed by Grinder for 4 turns
  2253 | D:3      | Killed Grinder
  2254 | D:3      | Reached skill level 5 in Ranged Weapons
  2284 | D:4      | Noticed Edmund
  2344 | D:4      | Noticed a sky beast
  2346 | D:4      | Noticed Ijyb
  2359 | D:4      | Killed a sky beast
  2360 | D:4      | Gained mutation: You regenerate health from kills. [demonic
                  | ancestry]
  2360 | D:4      | Reached XP level 7. HP: 34/48 MP: 7/7
  2367 | D:4      | Killed Ijyb
  2569 | D:4      | Noticed Natasha
  2574 | D:4      | Killed Natasha
  2690 | D:4      | Killed Edmund
  2830 | D:4      | Noticed Natasha
  2833 | D:4      | Killed Natasha
  3046 | D:4      | Noticed Natasha
  3048 | D:4      | Killed Natasha
  3166 | D:5      | Entered Level 5 of the Dungeon
  3282 | D:5      | Gained mutation: Your demonic aura sometimes causes spilled
                  | blood to erupt in flames. [demonic ancestry]
  3282 | D:5      | Reached XP level 8. HP: 44/54 MP: 8/8
  3456 | D:5      | Found a staircase to the Ecumenical Temple.
  3465 | Temple   | Entered the Ecumenical Temple
  3475 | Temple   | Became a worshipper of Ashenzari the Shackled
  3786 | D:6      | Reached skill level 1 in Armour
  3877 | D:6      | Found a radiant altar of Vehumet.
  4470 | D:6      | Found a stormy altar of Qazlal.
  4508 | D:6      | Found a snail-covered altar of Cheibriados.
  4508 | D:6      | Found an ornate altar of the Wu Jian Council.
  4768 | D:7      | Noticed Joseph
  4778 | D:7      | Killed Joseph
  4779 | D:7      | Gained mutation: Your demonic aura often causes spilled
                  | blood to erupt in flames. [demonic ancestry]
  4779 | D:7      | Reached XP level 9. HP: 38/62 MP: 9/9
  4881 | D:7      | Reached * piety under Ashenzari
  5255 | D:8      | Noticed Grum
  5256 | D:8      | Reached skill level 5 in Armour
  5260 | D:8      | Killed Grum
  5307 | D:8      | Reached ** piety under Ashenzari
  5313 | D:8      | Learned a level 4 spell: Dimensional Bullseye
  5326 | D:8      | Found a staircase to the Lair.
  5447 | D:8      | Found a runed translucent gate.
  5448 | D:8      | Found a runed translucent gate.
  5448 | D:8      | Noticed Sapher's ghost (amateur SpDe)
  5449 | D:8      | Found a runed translucent gate.
  5605 | D:8      | Gained mutation: When seriously injured, your blood forms
                  | armour. (AC +0) [demonic ancestry]
  5605 | D:8      | Reached XP level 10. HP: 73/73 MP: 10/10
  5943 | D:9      | Found an ancient bone altar of Kikubaaqudgha.
  5976 | D:9      | Noticed a two-headed ogre
  5978 | D:9      | Found a flagged portal.
  5984 | D:9      | Killed a two-headed ogre
  5985 | D:9      | Reached skill level 1 in Hexes
  5985 | D:9      | Reached skill level 1 in Translocations
  6006 | Bailey   | Entered a bailey
  6147 | Bailey   | Reached skill level 5 in Fighting
  6184 | Bailey   | Noticed an orc knight
  6184 | Bailey   | Noticed an orc knight
  6217 | Bailey   | Killed an orc knight
  6218 | Bailey   | Reached skill level 5 in Dodging
  6223 | Bailey   | Killed an orc knight
  6499 | D:9      | Reached skill level 10 in Ranged Weapons
  6575 | D:9      | Reached *** piety under Ashenzari
  6592 | D:9      | Found a transporter.
  6621 | D:9      | Found a transporter.
  6782 | D:9      | Learned a level 2 spell: Blink
  6995 | D:9      | Noticed a two-headed ogre
  6995 | D:9      | Noticed a two-headed ogre
  7075 | D:9      | Killed a two-headed ogre
  7084 | D:9      | Killed a two-headed ogre
  7085 | D:9      | Gained mutation: You have a pair of horns on your head.
                  | [demonic ancestry]
  7085 | D:9      | Reached XP level 11. HP: 75/81 MP: 11/11
  7176 | D:10     | Entered Level 10 of the Dungeon
  7633 | D:10     | Noticed a two-headed ogre
  7636 | D:10     | Killed a two-headed ogre
  7644 | D:10     | Reached **** piety under Ashenzari
  7886 | Lair:1   | Entered Level 1 of the Lair of Beasts
  8774 | Lair:2   | Gained mutation: When seriously injured, your blood forms
                  | thick armour. (AC +0) [demonic ancestry]
  8774 | Lair:2   | Reached XP level 12. HP: 95/95 MP: 12/12
  8862 | Lair:2   | Reached skill level 10 in Armour
  9155 | Lair:2   | Noticed an eight-headed hydra
  9158 | Lair:2   | Killed an eight-headed hydra
  9391 | Lair:2   | Found a staircase to the Shoals.
  9594 | Lair:3   | Found a hole to the Spider Nest.
  9801 | Lair:3   | Noticed a seven-headed hydra
  9806 | Lair:3   | Killed a seven-headed hydra
  9807 | Lair:3   | Reached XP level 13. HP: 104/104 MP: 13/13
 10291 | Lair:4   | Noticed Nessos
 10648 | Lair:4   | Found a staircase to the Slime Pits.
 10673 | Lair:4   | Found a viscous altar of Jiyva.
 10705 | Lair:4   | Reached skill level 1 in Spellcasting
 10976 | Lair:4   | Killed Nessos
 11359 | Lair:4   | Reached skill level 10 in Fighting
 11487 | Lair:5   | Entered Level 5 of the Lair of Beasts
 11570 | Lair:5   | Found a gate leading to a gauntlet.
 11584 | Gauntlet | Entered a Gauntlet
 11584 | Gauntlet | Found a transporter.
 11584 | Gauntlet | Found a transporter.
 11584 | Gauntlet | Found a transporter.
 11604 | Gauntlet | Found a transporter.
 11614 | Gauntlet | Found a transporter.
 11618 | Gauntlet | Found a transporter.
 11628 | Gauntlet | Found a transporter.
 11649 | Gauntlet | Found a transporter.
 11669 | Gauntlet | Found a transporter.
 11671 | Gauntlet | Found a transporter.
 11671 | Gauntlet | Identified the +2 cloak "Rybuineu" {Rampage rPois rF+}
 11681 | Gauntlet | Found a transporter.
 11685 | Gauntlet | Found a transporter.
 11784 | Gauntlet | Reached XP level 14. HP: 114/114 MP: 18/18
 11957 | Gauntlet | Identified the Volume of Imprecation
 11957 | Gauntlet | Identified the +1 war axe of Currency {venom, rC++ Int+3}
 12405 | Lair:5   | Reached skill level 10 in Dodging
 12451 | Lair:5   | Found a large runed translucent door.
 12451 | Lair:5   | Found a large runed translucent door.
 12661 | Lair:5   | Found a shimmering blue altar of Sif Muna.
 13376 | D:11     | Found Ulawakhi's Jewellery Shoppe.
 13448 | D:11     | Found a shimmering altar of Xom.
 13449 | D:11     | Found a shimmering altar of Xom.
 13457 | D:11     | Found a shimmering altar of Xom.
 13470 | D:11     | Found Oliudasu's Assorted Antiques.
 13520 | D:11     | Found a staircase to the Orcish Mines.
 13608 | D:11     | Found a shimmering altar of Xom.
 13608 | D:11     | Found a shimmering altar of Xom.
 13609 | D:11     | Found Wafryehu's Antique Weapon Shop.
 13697 | D:11     | Found Luprui's Weapon Shop.
 14068 | D:11     | Bought 3 curare-tipped darts for 50 gold pieces
 14146 | D:11     | Found Unareus's Weapon Shoppe.
 14220 | Orc:1    | Entered Level 1 of the Orcish Mines
 14221 | Orc:1    | Found Viothave's Book Shoppe.
 14280 | Orc:1    | Found Marhol's Antique Weapon Shop.
 14301 | Orc:1    | You fall into a shaft and drop 1 floor!
 14301 | Orc:2    | Entered Level 2 of the Orcish Mines
 14338 | Orc:2    | Gained mutation: Your magical and physical power is
                  | slightly enhanced at high health. [demonic ancestry]
 14338 | Orc:2    | Reached XP level 15. HP: 109/122 MP: 19/19
 14403 | Orc:2    | Found Ycvoech's Weapon Emporium.
 14404 | Orc:2    | Found Abruoph's Armour Shoppe.
 14405 | Orc:2    | Found Mirghist's Magic Scroll Shoppe.
 14405 | Orc:2    | Found Xiruxiv's General Store.
 14409 | Orc:2    | Bought a scroll of teleportation for 39 gold pieces
 14409 | Orc:2    | Bought a scroll of teleportation for 39 gold pieces
 14409 | Orc:2    | Bought a scroll of fear for 52 gold pieces
 14441 | Orc:2    | Found a dark tunnel.
 14447 | Volcano  | Entered a volcano
 14826 | Orc:2    | Found a staircase to the Elven Halls.
 15199 | Orc:1    | Found Oqiuskol's Magic Scroll Shop.
 15202 | Orc:1    | Found Xuonuroleu's Book Shoppe.
 15227 | Orc:1    | Bought a scroll of teleportation for 48 gold pieces
 15227 | Orc:1    | Bought a scroll of teleportation for 48 gold pieces
 15227 | Orc:1    | Bought a scroll of immolation for 64 gold pieces
 15613 | D:12     | Found Niamp's Assorted Antiques.
 15619 | D:12     | Bought a scroll of blinking for 172 gold pieces
 15626 | D:12     | Found a transporter.
 15628 | D:12     | Noticed MrCrawl's ghost (journeyman DrFE)
 15639 | D:12     | Found a transporter.
 15640 | D:12     | Identified the +2 great mace of an ossuary {heavy, Str+2
                  | Dex+3}
 15786 | D:12     | Identified the Cyclopedia of Chilblains and the Legion
 15871 | D:12     | Found Fuaxo's Magic Scroll Boutique.
 15882 | D:12     | Bought 2 scrolls of teleportation for 66 gold pieces
 15882 | D:12     | Bought a scroll of fear for 44 gold pieces
 15882 | D:12     | Bought a scroll of teleportation for 33 gold pieces
 15938 | D:12     | Found Jycwet's Jewellery Emporium.
 15967 | D:12     | Found Keano's Book Shoppe.
 16460 | D:12     | Killed MrCrawl's ghost
 17063 | D:14     | Reached skill level 15 in Armour
 17063 | D:14     | Gained mutation: Your demonic aura causes all spilled blood
                  | to erupt in flames. [demonic ancestry]
 17063 | D:14     | Reached XP level 16. HP: 134/134 MP: 20/20
 17091 | D:14     | Found a gate to the Vaults.
 17884 | D:15     | Entered Level 15 of the Dungeon
 18138 | D:15     | Found a runed translucent gate.
 18138 | D:15     | Found a runed translucent gate.
 18138 | D:15     | Found a runed translucent gate.
 18246 | D:15     | Found a staircase to the Depths.
 18452 | D:15     | Noticed Ucsyphiv's ghost (adept MiFi)
 18463 | D:15     | Identified a scroll of acquirement
 18867 | D:15     | Killed Ucsyphiv's ghost
 19163 | Shoals:1 | Entered Level 1 of the Shoals
 19170 | Shoals:1 | Noticed Kirke
 19182 | Shoals:1 | Killed Kirke
 19577 | Shoals:1 | Reached ***** piety under Ashenzari
 20265 | Shoals:2 | Reached skill level 15 in Ranged Weapons
 20373 | Shoals:2 | Found a gateway to a bazaar.
 20387 | Bazaar   | Entered a bazaar
 20391 | Bazaar   | Found Ossaroip's Jewellery Boutique.
 20413 | Bazaar   | Found Goafreong's Jewellery Emporium.
 20434 | Bazaar   | Found Ocuagune's Book Boutique.
 20454 | Bazaar   | Found Ohetz's Antique Armour Shoppe.
 20496 | Bazaar   | Bought the ring of Cafeusom {rPois rC+ Str+5 Dex+3 Slay+3}
                  | for 760 gold pieces
 20511 | Bazaar   | Bought Great Wizards, Vol. VII for 330 gold pieces
 20557 | Shoals:2 | Learned a level 4 spell: Passage of Golubria
 20890 | Shoals:3 | Gained mutation: You have a pair of large horns on your
                  | head. [demonic ancestry]
 20890 | Shoals:3 | Reached XP level 17. HP: 147/147 MP: 22/22
 21342 | Shoals:4 | Entered Level 4 of the Shoals
 21369 | Shoals:4 | Noticed Polyphemus
 21386 | Shoals:4 | Killed Polyphemus
 21573 | Shoals:4 | Got a barnacled rune of Zot
 21654 | Shoals:4 | Identified the staff "Tammel" {rC+ Will++ Str+3 Dex+5 Ice}
 21709 | Shoals:4 | Identified the staff "Magunk" {Int+3 Conj}
 21951 | Shoals:4 | Acquired 734 gold pieces
 22204 | Shoals:4 | Identified the ring "Misuxuab" {*Corrode rC++ EV+5}
 22421 | Spider:1 | Entered Level 1 of the Spider Nest
 22447 | Spider:1 | Reached skill level 5 in Hexes
 22450 | Spider:1 | Found the necklace of Bloodlust {Fury *Rage Will++ Int-3
                  | Slay+6}
 22600 | Spider:1 | Found a transporter.
 22619 | Spider:1 | Found a transporter.
 22621 | Spider:1 | Noticed Tagocin's ghost (adept DsBe)
 22650 | Spider:1 | Identified the +9 sling of Yeast {heavy, rC+ Int+4 Dex+3
                  | Stlth-}
 23814 | Spider:2 | Noticed Asterion
 23825 | Spider:2 | Killed Asterion
 24368 | Spider:3 | Found the ring of the Mage {Wiz Archmagi}
 24620 | Spider:3 | Gained mutation: When seriously injured, your blood forms
                  | very thick armour. (AC +0) [demonic ancestry]
 24620 | Spider:3 | Reached XP level 18. HP: 156/156 MP: 23/23
 25020 | Spider:4 | Entered Level 4 of the Spider Nest
 25148 | Spider:4 | Upgraded the game from 0.31-a0-1616-gbeaec30b81 to
                  | 0.31-a0-1620-gcbf77bbcfc
 25498 | Spider:4 | Reached skill level 15 in Fighting
 25637 | Spider:4 | Reached skill level 5 in Translocations
 25963 | Spider:4 | Got a gossamer rune of Zot
 26530 | Elf:1    | Entered Level 1 of the Elven Halls
 26585 | Elf:1    | Found Qigofaom's Assorted Antiques.
 26590 | Elf:1    | Bought a scroll of blinking for 150 gold pieces
 26647 | Elf:1    | Found a huge runed translucent gate.
 26651 | Elf:1    | Found a huge runed translucent gate.
 26652 | Elf:1    | Found a huge runed translucent gate.
 26652 | Elf:1    | Found a huge runed translucent gate.
 26653 | Elf:1    | Found a huge runed translucent gate.
 26653 | Elf:1    | Found a huge runed translucent gate.
 26653 | Elf:1    | Found a huge runed translucent gate.
 26655 | Elf:1    | Found a huge runed translucent gate.
 26655 | Elf:1    | Found a huge runed translucent gate.
 26655 | Elf:1    | Found a huge runed translucent gate.
 26655 | Elf:1    | Found a huge runed translucent gate.
 26656 | Elf:1    | Found a huge runed translucent gate.
 26656 | Elf:1    | Found a huge runed translucent gate.
 26656 | Elf:1    | Found a huge runed translucent gate.
 26656 | Elf:1    | Found a huge runed translucent gate.
 26656 | Elf:1    | Found a huge runed translucent gate.
 26656 | Elf:1    | Found a huge runed translucent gate.
 26656 | Elf:1    | Found a huge runed translucent gate.
 26656 | Elf:1    | Found a huge runed translucent gate.
 26656 | Elf:1    | Found a huge runed translucent gate.
 26656 | Elf:1    | Identified the +10 kite shield of Mezcal {MP+9}
 26781 | Elf:1    | Found a shimmering blue altar of Sif Muna.
 27005 | Elf:1    | Paralysed by an air elemental for 1 turns
 27639 | Elf:2    | Found a magical portal.
 27657 | WizLab   | Entered Iskenderun's Mystic Tower
 28550 | WizLab   | Gained mutation: Your magical and physical power is
                  | enhanced at high health. [demonic ancestry]
 28550 | WizLab   | Reached XP level 19. HP: 165/165 MP: 24/24
 28558 | WizLab   | Identified Iskenderun's Compilation of Destruction
 28558 | WizLab   | Identified Iskenderun's Codex of Blasting
 28579 | WizLab   | Identified Sif Muna's Quarto of Algor
 28579 | WizLab   | Identified Sif Muna's Exposition on Gloom and Ashes
 28769 | Elf:2    | Found a runed translucent gate.
 28770 | Elf:2    | Found a runed translucent gate.
 28770 | Elf:2    | Found a runed translucent gate.
 28941 | Elf:2    | Found Iskyd's Antique Armour Boutique.
 29192 | Elf:3    | Entered Level 3 of the Elven Halls
 29241 | Elf:3    | Paralysed by an air elemental for 1 turns
 29527 | Elf:3    | Found Baucosairch's Weapon Shop.
 29770 | Elf:3    | Noticed a Tzitzimitl
 29779 | Elf:3    | Identified the staff of Hiala {rPois Dex+2 Earth Alchemy}
 30125 | Elf:3    | Identified the ring of Saleghoq {Ice *Corrode +Blink rElec
                  | MP+9}
 30172 | Elf:3    | Reached skill level 15 in Dodging
 30178 | Elf:3    | Identified the amulet "Uloenn" {Spirit Fly Int-5 Dex+2
                  | SInv}
 30547 | Elf:3    | Learned a level 1 spell: Apportation
 30554 | Elf:3    | Learned a level 6 spell: Dispersal
 30810 | Vaults:1 | Entered Level 1 of the Vaults
 31208 | Vaults:1 | Reached XP level 20. HP: 175/175 MP: 25/25
 31266 | Vaults:1 | Found a runed translucent door.
 31266 | Vaults:1 | Found a shimmering altar of Xom.
 31266 | Vaults:1 | Noticed Hociexiyce's ghost (veteran DjFE)
 32052 | Vaults:2 | Found a crumbling gateway.
 32062 | Desolati | Entered the Desolation of Salt
 32163 | Desolati | Reached skill level 1 in Evocations
 32297 | Desolati | Identified the amulet "Gireq" {Faith rC+ Dex+4}
 32708 | Desolati | Identified the ring of the Salamander {rElec rPois MP+9
                  | SInv Stlth+}
 32708 | Desolati | Identified the Precepts of Frosty Arcane Combat
 32823 | Desolati | Identified the +3 scale mail of the Holding Gods {rC+}
 32823 | Desolati | Found the +10 dark maul {heavy}
 32881 | Desolati | Identified the +1 pair of boots of Fargh {Dex+3 SInv}
 32882 | Desolati | Identified the ring "Lintun" {rElec rPois rC++ Str+6 Int-5}
 33210 | Vaults:2 | Found a runed translucent door.
 33210 | Vaults:2 | Identified the +0 chain mail "Fowiat" {rElec Will- Dex+2}
 33305 | Vaults:2 | Reached skill level 10 in Translocations
 33341 | Vaults:2 | Found a staircase to the Crypt.
 33747 | Vaults:2 | Gained mutation: Your magical and physical power is greatly
                  | enhanced at high health. [demonic ancestry]
 33747 | Vaults:2 | Reached XP level 21. HP: 184/184 MP: 26/26
 33805 | Vaults:2 | Reached skill level 5 in Evocations
 34313 | Vaults:3 | Noticed Nikola
 34313 | Vaults:3 | Noticed Donald
 34317 | Vaults:3 | Killed Donald
 34326 | Vaults:3 | Killed Nikola
 34602 | Vaults:3 | Noticed Mara
 34613 | Vaults:3 | Killed Mara
 34744 | Vaults:3 | Noticed Bai Suzhen
 34752 | Vaults:3 | Killed Bai Suzhen
 35262 | Vaults:3 | Noticed Mennas
 35562 | Vaults:3 | Killed Mennas
 35577 | Vaults:3 | Identified the +3 trident of Dust {protect, rF+ rN+}
 36903 | Depths:1 | Entered Level 1 of the Depths
 36921 | Depths:1 | Found a one-way gate to the infinite horrors of the Abyss.
 36993 | Depths:1 | Noticed Boris
 37015 | Depths:1 | Killed Boris
 37128 | Depths:1 | Reached XP level 22. HP: 183/190 MP: 27/27
 37143 | Depths:1 | Found a gateway to Hell.
 37576 | Depths:1 | Found a one-way gate leading to the halls of Pandemonium.
 37989 | Depths:2 | Identified the staff of Fortitude {*Corrode Dex+2 Hexes
                  | Earth}
 37991 | Depths:2 | Identified the Anthology of Pathos
 38100 | Depths:2 | Noticed an ancient lich
 38119 | Depths:2 | Killed an ancient lich
 38336 | Depths:2 | Found a one-way gateway to a ziggurat.
 38770 | Depths:3 | Found a hide-covered altar of Uskayaw.
 38940 | Depths:3 | Noticed a juggernaut
 38948 | Depths:3 | Killed a juggernaut
 39002 | Depths:3 | Noticed Boris
 39016 | Depths:3 | Killed Boris
 40074 | D:11     | Bought the ring of the Merwolf {rF+ rC++ Will- Dex+2} for
                  | 792 gold pieces
 40261 | Depths:4 | Entered Level 4 of the Depths
 40277 | Depths:4 | Reached XP level 23. HP: 196/200 MP: 27/27
 40350 | Depths:4 | Reached skill level 10 in Evocations
 40419 | Depths:4 | Found a gate to the Realm of Zot.
 40470 | Depths:4 | Got a midnight gem with 13 turns to spare
 40489 | Depths:4 | Lost the midnight gem through the power of Zot.
 40632 | Depths:4 | Found Kiecziwn's Assorted Antiques.
 40639 | Depths:4 | Bought a scroll of blinking for 315 gold pieces
 40720 | Depths:4 | Noticed Boris
 40725 | Depths:4 | Killed Boris
 41278 | Vaults:5 | Entered Level 5 of the Vaults
 41328 | Vaults:5 | Noticed an ancient lich
 41328 | Vaults:5 | Identified the +8 flail "Hetsosanil" {speed, rN+ MP+9}
 41334 | Vaults:5 | Killed an ancient lich
 41834 | Vaults:5 | Identified the +3 flail of Lesmeeff {flame, rN+ Str+3
                  | Int-5}
 41871 | Vaults:5 | Identified the +10 plate armour of Puidwiol {rN+ Regen+
                  | Int-5}
 42083 | Vaults:5 | Reached XP level 24. HP: 213/213 MP: 28/28
 42086 | Vaults:5 | Noticed a dread lich
 42106 | Vaults:5 | Killed a dread lich
 42171 | Vaults:5 | Got a silver rune of Zot
 42300 | Vaults:5 | Identified Sif Muna's Folio of Transformed Kinetic Energy
 42372 | Vaults:5 | Learned a level 7 spell: Malign Gateway
 42592 | Vaults:5 | Noticed an ancient lich
 42601 | Vaults:5 | Killed an ancient lich
 42602 | Vaults:5 | Reached skill level 1 in Summonings
 42696 | Vaults:5 | Identified the amulet of the Nightingale {Spirit Rampage
                  | rC+}
 42704 | Vaults:5 | Identified the amulet "Ifrer" {Acrobat Fly rF- rCorr Dex-5}
 42734 | Vaults:5 | Identified the +10 spear "Daomis" {elec, Will+}
 42734 | Vaults:5 | Identified the ring "Orilotz" {Wiz +Blink rElec rF+ rC+}
 42764 | Vaults:5 | Identified Xelo's Octavo of Algor and Movement
 42769 | Vaults:5 | Identified the Handbook of Sandy Last Rites
 42774 | Vaults:5 | Identified the staff "Killer Klown's Bane" {rC+ Str-4 Dex+4
                  | Stlth+ Earth}
 42774 | Vaults:5 | Identified the +0 short sword "Luwaul" {flame, Will++}
 42913 | Vaults:5 | Identified the +0 scale mail of Fortitude {rPois Str+3}
 43274 | D:12     | Bought blackened acid dragon scales for 1035 gold pieces
 43274 | D:12     | Identified the +1 acid dragon scales "Peull" {rPois rCorr
                  | Str-5 Stlth+} (You bought it in a shop on level 12 of the
                  | Dungeon)
 43274 | D:12     | Bought a potion of haste for 230 gold pieces
 43313 | D:11     | Bought a +6 ring of dexterity for 576 gold pieces
 43540 | Zot:1    | Entered Level 1 of the Realm of Zot
 43634 | Zot:1    | Found a runed translucent gate.
 43634 | Zot:1    | Found a runed translucent gate.
 43634 | Zot:1    | Found a runed translucent gate.
 43635 | Zot:1    | Noticed ZZKoverts's ghost (veteran MiFi)
 43636 | Zot:1    | Noticed p0werm0de's ghost (adept MiFi)
 44135 | Zot:1    | Reached skill level 5 in Summonings
 44639 | Zot:1    | Killed p0werm0de's ghost
 44660 | Zot:1    | Killed ZZKoverts's ghost
 44676 | Zot:1    | Acquired 894 gold pieces
 45172 | Zot:2    | Reached skill level 5 in Spellcasting
 45345 | Zot:2    | Learned a level 8 spell: Disjunction
 45519 | Zot:3    | Found a broken altar of Ashenzari.
 45623 | Zot:3    | Reached XP level 25. HP: 213/221 MP: 35/35
 45659 | Zot:3    | Identified the +8 battleaxe of Wyir Vel {vamp, ^Fragile
                  | rCorr SInv}
 45659 | Zot:3    | Identified the staff of the Howling Visionary {Dex+5 Conj}
 46452 | Zot:4    | Acquired 891 gold pieces
 46454 | Zot:4    | Acquired 1221 gold pieces
 47274 | Zot:5    | Entered Level 5 of the Realm of Zot
 47284 | Zot:5    | Noticed an orb of fire
 47293 | Zot:5    | Gained mutation: Your magical capacity is low. (-10% MP)
                  | [an orb of fire]
 47295 | Zot:5    | Killed an orb of fire
 47982 | Zot:5    | Noticed a dread lich
 47982 | Zot:5    | Noticed an orb of fire
 47982 | Zot:5    | Noticed a Killer Klown
 47982 | Zot:5    | Noticed a Killer Klown
 47982 | Zot:5    | Noticed a Killer Klown
 47982 | Zot:5    | Noticed an ancient lich
 47982 | Zot:5    | Noticed an ancient lich
 47982 | Zot:5    | Noticed an ancient lich
 47986 | Zot:5    | Got the Orb of Zot
 47987 | Zot:5    | Noticed an orb of fire
 47989 | Zot:5    | Noticed an ancient lich
 48000 | Zot:5    | Noticed an orb of fire
 48008 | Zot:5    | Noticed a dread lich
 48573 | D:6      | Noticed Liorcho the pandemonium lord
 48589 | D:6      | Killed Liorcho the pandemonium lord
 48731 | D:$      | Escaped with the Orb!

Illustrated notes

Levels and vault maps discovered:
D:1:      dpeg_arrival_erosion, layout_rooms, lexackson_kobold_supper
D:2:      layout_basic, chequers_ecumenical_altar_simple_redux,
          minmay_shallow_snake_nest, uniq_robin
D:3:      layout_basic, mainiacjoe_overflow_tiny_flanked, uniq_terence
D:4:      layout_loops_corners, uniq_ijyb, uniq_edmund, uniq_grinder,
          uniq_natasha
D:5:      layout_rooms, minmay_temple_entry_crystal_x
D:6:      layout_loops_corners, amcnicky_altar_gilded, marbit_many_paths,
          gammafunk_temple_overflow_wave
D:7:      layout_gridville, fountainhead, uniq_joseph
D:8:      layout_loops_cross, dpeg_oklobed_lair, gammafunk_ghost_nasty_kobolds,
          nzn_life_drinkers, uniq_grum
D:9:      gammafunk_steamed_eel, layout_cave_pods,
          nicolae_kikubaaqudgha_miasma_corner, enter_bailey_4,
          nicolae_phantomly_mirrored
D:10:     layout_loops_ring, chequers_hall_statues_corner_a
D:11:     nicolae_cairo_tiling, layout_small_grid, erik_orc_1, serial_shops,
          nicolae_inconvenience_store, nicolae_shop_bloodbath_and_beyond,
          nicolae_shop_just_a_little_nook, nicolae_shop_tiny_waterfront,
          nicolae_shop_gaudy_bauble, xom_shifter_show
D:12:     layout_basic, serial_shops, nicolae_shop_gaudy_bauble, shop,
          nicolae_shop_dealshenge, kennysheep_little_box, gammafunk_ghost_smash,
          minmay_misc_feat_hallway
D:13:     layout_basic, grunt_decor_cap, minmay_liquid_box
D:14:     layout_gridville, grunt_vaults_entry_fortified, dreamdust_wishing_well
D:15:     grunt_enter_depths_snipers, layout_basic,
          chequers_serial_rivers_large_b, gammafunk_ghost_icy, nrook_campfire,
          argonaut_gorgonesque
Temple:   nicolae_temple_x_marks_the_god
Lair:1:   layout_gridlike
Lair:2:   layout_chaotic_city, minmay_shoals_entry_lonely_mermaid,
          minmay_lair_oklob_bushes, minivault_25,
          nicolae_lair_run_with_the_wolves
Lair:3:   layout_long_grid, spider_nest_entry_rubble,
          grunt_forest_large_clearing_hut
Lair:4:   layout_loops_ring, slime_entry_1, serial_bayou, serial_bayou_pond_a,
          serial_bayou_ford_a, serial_bayou_crossing, serial_bayou_shore_b,
          ice2_lemuel, uniq_nessos
Lair:5:   cheibrodos_lair_end_hotspot, layout_cellular_growth,
          gauntlet_entry_generic, basic_altar, ldierk_geyser,
          serial_bayou_pond_a, lemuel_fruit_tree, serial_bayou_shore_a
Shoals:1: layout_shoals, uniq_kirke
Shoals:2: layout_shoals, serial_shops, bzr_entry_road,
          nicolae_shoals_beach_house_on_fowls_legs
Shoals:3: layout_shoals, nicolae_shoals_aquamancer_cove
Shoals:4: shoals_end_grunt_ice, layout_shoals, uniq_polyphemus
Spider:1: nicolae_spider_mines_1, gammafunk_ghost_arena, guppyfry_spider_mini_3,
          hangedman_spider_tarantella_strand
Spider:2: layout_cave_pods, uniq_asterion
Spider:3: layout_spider_delve, nicolae_spider_checkerboard
Spider:4: grunt_spider_rune_parallel
Orc:1:    layout_diamond_mine, serial_shops, nicolae_shop_pleasant_corner_grove,
          shop_statue, shop, shop
Orc:2:    st_orc_open, layout_caves, nicolae_volcano_entry_two_sided
Elf:1:    layout_geoelf_diagonals, serial_shops,
          nicolae_shop_just_a_little_nook, basic_altar, hangedman_elf_represent
Elf:2:    nicolae_elf_blades_crystal_corner, layout_geoelf_grid,
          mu_enter_wizlab_3, serial_shops, nicolae_shop_rolling_square
Elf:3:    minmay_elf_hall_not_hex, layout_geoelf_grid, serial_shops, shop
Vaults:1: ebering_ghost_xom, nicolae_vaults_stairing_the_circle,
          nicolae_vaults_trapezoid_layered, nicolae_vaults_storage_closets_2,
          nicolae_vaults_windows_and_doors_thing,
          nicolae_vaults_little_squares_2, nicolae_vaults_steering_wheel,
          vaults_room_pool, nicolae_vaults_tetromino_Z_2,
          nicolae_vaults_stepped_doors, vaults_standard_mumra_x,
          ontoclasm_vaults_echo, v_misc_16, nicolae_vaults_little_squares_5,
          nicolae_vaults_double_plus_1, layout_vaults_ring
Vaults:2: portal_desolation_entry_ruin, nicolae_vaults_network_quincunx
          [nicolae_vaults_network_quincunx_subvault,
          nicolae_vaults_network_quincunx_subvault,
          nicolae_vaults_network_quincunx_subvault,
          nicolae_vaults_network_quincunx_subvault,
          nicolae_vaults_network_quincunx_subvault],
          nicolae_vaults_sesquioval_fish, nicolae_vaults_mitosis,
          hangedman_vaults_maws, v_misc_4, minmay_crypt_entry_simple_plaza,
          nicolae_vaults_oozy_zoo, nicolae_vaults_gold_heap,
          ontoclasm_vaults_decontamination, layout_vaults_omnigrid
Vaults:3: vaults_room_fours, nicolae_vaults_little_squares_1, v_misc_14,
          nicolae_vaults_ninety_degrees, hangedman_vaults_stretched_pinwheel,
          v_misc_1, v_misc_11, hangedman_vaults_locks,
          nicolae_vaults_hexular_roomagon, v_misc_3,
          ontoclasm_vaults_ring_small, ontoclasm_vaults_claustrophobia,
          v_misc_25, vaults_mumra_chevron, v_misc_23, ontoclasm_vaults_shuriken,
          ontoclasm_vaults_gateway, nicolae_vaults_tetromino_L_1,
          layout_vaults_maze_snakey, uniq_nikola, uniq_donald, uniq_mara,
          uniq_mennas, uniq_bai_suzhen
Vaults:4: nicolae_vaults_mush_room, vaults_mumra_minichess, v_misc_28,
          ontoclasm_vaults_pinch, nicolae_vaults_tetromino_Z_1,
          nicolae_vaults_what_the_h, v_misc_28, nicolae_vaults_six-pack,
          v_pattern_5, ontoclasm_vaults_fault, nicolae_vaults_circle_grid_a,
          nicolae_vaults_offset_grid_hallway_1, nicolae_vaults_diamond_1,
          nicolae_vaults_double_plus_1, nicolae_vaults_trapezoid_3,
          layout_vaults_omnibox
Vaults:5
Depths:1: layout_gridlike, abyss_entry, pf_hell_entry_tar_river,
          minmay_hedge_maze, rand_demon_pan_entry_9,
          serial_library_hellmonk_small_alcove, dreamdust_looks_like_rain,
          uniq_boris
Depths:2: hangedman_crystal_crosses_colossus [crystal_crosses_arms_four,
          crystal_crosses_arms_two, crystal_crosses_arms_one], hell_entry,
          pan_entry, serial_shops
Depths:3: minmay_distorted_concentric_squares, layout_long_grid,
          grunt_hell_entry_dis_mu, rand_demon_pan_entry_8, abyss_entry_crystal,
          nicolae_uskayaw_dance_hall, minmay_statues_item
Depths:4: grunt_zot_entry_tricorne, layout_cave_pools, minmay_misc_feat_chi,
          serial_shops, nicolae_shop_overgrown_old_shop, hangedman_coc_ice_floe,
          serial_bayou_shore_b
Zot:1:    layout_gridville, gammafunk_ghost_cemetery,
          regret_index_zotdec_tunneler
Zot:2:    layout_misc_corridors, grunt_megastairs_4
Zot:3:    kennysheep_room_grid, layout_onion_interference,
          regret_index_zotdec_serpentine_scales, basic_altar,
          st_large_dragon_hoard_2
Zot:4:    layout_gridlike, regret_index_zotdec_gossamer_parallel
Zot:5:    layout_basic

Skill      XL: |  1  2  3  4  5  6  7  8  9 10 11 12 13 14 15 16 17 18 19 20 21 22 23 24 25 |
---------------+----------------------------------------------------------------------------+-----
Unarmed Combat | 3 4 |  4.0
Shapeshifting  | 3 |  3.2
Ranged Weapons | 2 4 5 7 8 9 10 11 12 13 14 15 16 17 | 17.0
Armour         | 3 5 7 9 11 12 14 15 16 17 18 19 20 21 | 21.7
Dodging        | 3 4 5 7 8 9 10 11 12 13 14 15 16 17 18 19 | 19.7
Fighting       | 2 4 5 7 8 10 11 12 13 14 15 16 17 18 19 20 21 | 21.4
Hexes          | 2 3 4 5 7 |  7.8
Translocations | 1 3 4 6 8 10 11 12 13 14 | 14.9
Spellcasting   | 1 5 7 |  7.7
Evocations     | 4 7 9 11 | 11.8
Summonings     | 7 8 |  8.3

Action                     |  1- 3 |  4- 6 |  7- 9 | 10-12 | 13-15 | 16-18 | 19-21 | 22-24 | 25-27 || total
---------------------------+-------+-------+-------+-------+-------+-------+-------+-------+-------++-------
  Melee: Unarmed           |    21 |       |       |       |       |       |       |       |       ||    21
         Whip              |    61 |     1 |       |       |       |       |       |       |       ||    62
         Headbutt          |    14 |       |       |       |       |       |       |       |       ||    14
   Fire: Longbow           |       |   110 |   243 |   462 |  1052 |  1583 |  1426 |  1556 |   396 ||  6828
   Cast: Dimensional Bulls |       |       |       |       |       |       |       |       |     6 ||     6
         Blink             |       |       |       |       |       |       |       |       |     1 ||     1
         Dispersal         |       |       |       |       |       |       |       |       |     1 ||     1
 Invoke: Curse Item        |       |       |     3 |     4 |     1 |     3 |     2 |     1 |       ||    14
         Shatter the Chain |       |       |       |     1 |     2 |     2 |     1 |     1 |       ||     7
Ability: Begin Untransform |       |     1 |       |       |       |       |       |       |       ||     1
  Evoke: Wand              |       |       |       |     3 |     1 |       |       |       |     1 ||     5
         Phial of floods   |       |       |       |       |       |       |     1 |       |       ||     1
         Phantom mirror    |       |       |       |       |       |       |     1 |       |       ||     1
    Use: Scroll            |     1 |     1 |     7 |       |       |     6 |     6 |     5 |    15 ||    41
         Potion            |       |     1 |       |       |     1 |       |     4 |     2 |     5 ||    13
 Armour: Animal skin       |    25 |       |       |       |       |       |       |       |       ||    25
         Ring mail         |    13 |    18 |    42 |    44 |       |       |       |       |       ||   117
         Scale mail        |       |       |       |    15 |    42 |       |       |       |       ||    57
         Quicksilver drago |       |       |       |       |   111 |   189 |   134 |   147 |    63 ||   644
  Dodge: Dodged            |    42 |    24 |    56 |    95 |   251 |   216 |   190 |   333 |   114 ||  1321

Table legend: (Time is in decaauts)
 A = Elapsed time spent in this place.
 B = Non-inter-level travel time spent in this place.
 C = Inter-level travel time spent in this place.
 D = Time resting spent in this place.
 E = Time spent auto-exploring this place.
 F = Levels seen in this place.
 G = Mean time per level.
                   A        B        C        D        E       F      G
               +--------+--------+--------+--------+--------+-----+--------+
         Total |  46427 |  41216 |   5211 |   1421 |  30463 |  54 |  859.8 |
       Dungeon |  13286 |  10820 |   2466 |     71 |   8728 |  15 |  885.7 |
        Temple |     20 |      2 |     18 |      0 |      0 |   1 |   20.0 |
          Lair |   4959 |   4299 |    660 |      0 |   3354 |   5 |  991.8 |
        Shoals |   3204 |   2900 |    304 |      0 |   2259 |   4 |  801.0 |
   Spider Nest |   3621 |   3382 |    239 |    137 |   2735 |   4 |  905.2 |
  Orcish Mines |   1115 |    964 |    151 |      0 |    730 |   2 |  557.5 |
   Elven Halls |   2898 |   2613 |    285 |    338 |   1652 |   3 |  966.0 |
        Vaults |   6514 |   6078 |    436 |    229 |   4358 |   5 | 1302.8 |
        Depths |   3774 |   3292 |    482 |      0 |   2618 |   4 |  943.5 |
           Zot |   4200 |   4034 |    166 |    230 |   2934 |   5 |  840.0 |
        Bazaar |    163 |    163 |      0 |      0 |     85 |   1 |  163.0 |
        Bailey |    351 |    351 |      0 |      0 |    209 |   1 |  351.0 |
       Volcano |    241 |    241 |      0 |      0 |    169 |   1 |  241.0 |
        Wizlab |    938 |    938 |      0 |    379 |    213 |   1 |  938.0 |
    Desolation |    748 |    748 |      0 |      0 |    221 |   1 |  748.0 |
      Gauntlet |    387 |    387 |      0 |     37 |    196 |   1 |  387.0 |
               +--------+--------+--------+--------+--------+-----+--------+

Top non-repeatable levels by time:
Vaults:5: 1544 daAuts
Vaults:3: 1511 daAuts
Vaults:2: 1363 daAuts
   Elf:3: 1276 daAuts
    D:14: 1267 daAuts
    D:15: 1249 daAuts
  Lair:5: 1230 daAuts
Vaults:1: 1199 daAuts
Spider:4: 1106 daAuts
   Zot:1: 1099 daAuts
     D:9: 1094 daAuts
    D:12: 1087 daAuts
    D:11: 1059 daAuts
Depths:1: 1054 daAuts
Depths:3: 1053 daAuts
